Map: Zen LE

Players

antagomiR

  • Race: Protoss Protoss
  • League: Gold
  • Spawn Location: 1:00

Pitbull - Winner!

  • Race: Protoss Protoss
  • League: Silver
  • Spawn Location: 7:00

VOD

Have the link to the VOD?

Description

Time

  • Played on: April 4, 2020, 4:44 p.m.
  • Length: 21:48
Show
View Real Time Build Order
Export as new Build Order

antagomiR Protoss 

Build Orders:  

Get SALT Encoding   

  12  0:01  Probe  
  13  0:13  Probe  
  14  0:19  Pylon  
  14  0:25  Probe  
  15  0:39  Probe  
  15  0:40  Gateway  
  16  0:51  Probe  
  17  1:04  Pylon  
  17  1:12  Probe  
  18  1:19  Assimilator  
  18  1:20  Assimilator  
  18  1:24  Probe  
  19  1:28  Cybernetics Core  
  19  1:37  Forge  
  19  1:49  Probe  
  20  2:01  Probe  
  21  2:17  Warp Gate (Chrono Boost)  
  21  2:20  Nexus  
  21  2:21  Pylon  
  21  2:26  Stalker (Chrono Boost)  
  23  2:32  Probe  
  24  2:41  Shield Battery  
  24  2:44  Probe  
  25  2:55  Sentry  
  25  2:56  Probe  
  28  3:08  Probe  
  29  3:13  Pylon  
  29  3:20  Probe  
  29  3:24  Sentry  
  29  3:25  Robotics Facility  
  32  3:32  Probe  
  32  3:33  Probe  
  34  3:44  Probe  
  34  3:45  Probe  
  36  3:50  Stalker  
  38  3:56  Probe  
  38  3:57  Probe  
  38  4:00  Photon Cannon  
  40  4:08  Probe  
  37  4:35  Stalker  
  39  4:42  Protoss Ground Weapons Level 1 (Chrono Boost), Observer  
  40  5:05  Probe, Pylon  
  42  5:14  Observer  
  42  5:18  Sentry  
  44  5:28  Assimilator  
  44  5:31  Twilight Council  
  44  5:32  Assimilator  
  44  5:35  Immortal  
  48  5:45  Gateway  
  48  5:46  Gateway  
  48  5:47  Gateway  
  48  5:48  Gateway  
  48  5:50  Sentry  
  50  6:00  Pylon  
  50  6:12  Probe x2  
  50  6:17  Pylon  
  52  6:19  Pylon  
  52  6:21  Shield Battery  
  52  6:24  Probe x2  
  53  6:36  Probe  
  53  6:37  Probe  
  53  6:38  Photon Cannon  
  55  6:48  Probe  
  55  6:49  Probe  
  57  7:00  Probe  
  58  7:03  Stalker  
  58  7:04  Stalker  
  62  7:09  Charge (Chrono Boost)  
  62  7:11  Templar Archives  
  62  7:29  Sentry  
  64  7:30  Zealot x4  
  72  7:39  Pylon  
  72  7:41  Nexus  
  72  7:42  Pylon  
  72  7:44  Pylon  
  72  7:45  Pylon  
  72  7:51  Immortal  
  76  7:53  Gateway x2  
  76  7:55  Zealot x3  
  82  7:58  Gateway  
  82  8:11  Probe  
  82  8:12  Probe  
  84  8:24  Probe x2  
  84  8:25  Stalker  
  88  8:30  Immortal  
  92  8:35  Photon Cannon  
  92  8:36  Probe  
  92  8:40  Photon Cannon, Shield Battery  
  93  8:45  Photon Cannon  
  93  8:49  Photon Cannon  
  93  8:51  Photon Cannon  
  93  8:53  Assimilator  
  93  8:57  Assimilator  
  93  9:00  Zealot x2  
  93  9:01  Zealot x3  
  103  9:03  High Templar  
  103  9:09  Observer  
  106  9:12  Probe  
  106  9:13  Probe  
  106  9:16  Probe  
  109  9:24  Probe  
  109  9:25  Probe  
  109  9:28  Probe  
  109  9:31  Observer  
  113  9:37  Probe x2  
  115  9:55  High Templar x2  
  115  9:56  High Templar x2  
  115  9:59  Archon  
  123  10:00  Archon  
  123  10:07  Pylon  
  123  10:09  Pylon  
  123  10:11  Pylon  
  123  10:12  Stargate x2  
  123  10:19  Observer  
  124  10:26  Probe  
  124  10:27  Probe x2  
  127  10:36  High Templar x2  
  127  10:38  Probe  
  127  10:39  Probe x2  
  127  10:40  Archon  
  134  10:51  Probe x3  
  134  10:55  High Templar x2  
  141  10:58  Zealot  
  141  10:59  Zealot x3  
  141  11:00  Protoss Ground Weapons Level 2 (Chrono Boost)  
  141  11:01  Archon  
  141  11:03  Probe x2  
  151  11:15  Fleet Beacon  
  151  11:33  High Templar x2  
  151  11:37  Archon  
  155  11:54  Zealot  
  157  12:06  Pylon  
  157  12:07  Pylon  
  157  12:08  Pylon  
  157  12:09  Pylon  
  157  12:11  Pylon  
  157  12:12  Pylon  
  157  12:23  Warp Prism  
  157  12:24  Carrier  
  157  12:25  Carrier  
  171  12:32  High Templar  
  171  12:33  High Templar x2  
  171  12:35  Zealot x5  
  187  12:41  Archon  
  187  12:49  Probe x3  
  188  13:01  Probe  
  146  13:28  Carrier  
  144  13:35  Observer  
  144  13:39  High Templar  
  144  13:40  High Templar x3  
  149  13:44  Archon x2  
  149  13:59  Nexus  
  150  14:02  Pylon  
  150  14:04  Pylon  
  150  14:05  Immortal  
  153  14:13  Zealot x3  
  153  14:14  Zealot x4  
  153  14:15  Zealot  
  169  14:34  High Templar x3  
  175  14:44  Immortal  
  177  14:53  Zealot  
  177  14:54  Zealot x4  
  187  15:15  Archon  
  187  15:18  High Templar x3  
  187  15:19  High Templar x2  
  195  15:22  Archon  
  195  15:23  Archon, Immortal  
  183  15:46  Carrier  
  176  16:03  Immortal  
  174  16:22  Zealot, Stalker x3  
  174  16:23  Stalker x2  
  111  17:50  Nexus  
  111  17:51  Pylon  
  111  17:53  Pylon  
  105  18:41  Nexus  
  24  19:24  Probe, Forge  
  25  19:36  Probe  
  26  19:48  Probe  
  26  19:52  Pylon  
  27  19:55  Probe  
  28  20:00  Probe, Photon Cannon  
  29  20:07  Probe  
  29  20:08  Photon Cannon  
  29  20:10  Photon Cannon  
  29  20:12  Probe  
  31  20:14  Photon Cannon  
  31  20:19  Probe, Pylon  
  33  20:31  Probe  
  27  20:47  Forge  
  27  20:48  Probe  
  6  21:00  Probe  
  7  21:12  Probe  
  8  21:22  Photon Cannon  
  8  21:24  Probe, Photon Cannon  
  9  21:27  Photon Cannon  
  9  21:30  Photon Cannon  
  9  21:33  Pylon  
  9  21:38  Photon Cannon  
Show
View Real Time Build Order
Export as new Build Order

Pitbull Protoss - Winner!

Build Orders: Carriers 

Get SALT Encoding   

  12  0:03  Probe  
  13  0:19  Probe, Pylon  
  14  0:32  Probe  
  15  0:44  Gateway  
  15  0:53  Probe (Chrono Boost), Forge  
  17  1:04  Probe (Chrono Boost)  
  18  1:25  Probe (Chrono Boost)  
  17  1:34  Cybernetics Core  
  17  1:35  Probe (Chrono Boost)  
  17  1:39  Zealot  
  20  1:43  Gateway  
  20  1:46  Assimilator  
  20  1:50  Assimilator  
  20  1:51  Probe  
  21  2:03  Probe  
  23  2:15  Probe  
  23  2:24  Pylon  
  23  2:41  Pylon, Zealot (Chrono Boost)  
  23  2:42  Probe  
  28  2:47  Stalker (Chrono Boost)  
  28  2:50  Pylon  
  28  2:54  Probe  
  29  3:01  Zealot (Chrono Boost)  
  31  3:05  Protoss Ground Weapons Level 1  
  33  3:25  Adept (Chrono Boost)  
  33  3:26  Stalker (Chrono Boost)  
  35  3:49  Stalker  
  35  3:54  Stalker  
  39  4:04  Twilight Council  
  39  4:19  Stalker  
  35  4:45  Robotics Facility  
  35  4:48  Dark Shrine  
  35  4:58  Nexus  
  35  5:01  Unknown  
  35  5:04  Pylon  
  35  5:06  Probe  
  36  5:18  Probe  
  36  5:20  Stalker  
  36  5:21  Stalker  
  41  5:22  Warp Gate (Chrono Boost)  
  41  5:31  Probe  
  42  5:43  Probe (Chrono Boost), Pylon  
  42  5:47  Protoss Ground Weapons Level 2 (Chrono Boost)  
  43  5:50  Adept  
  43  5:55  Probe (Chrono Boost)  
  43  5:56  Stalker  
  48  6:00  Probe (Chrono Boost)  
  49  6:09  Probe  
  50  6:21  Probe  
  51  6:32  Probe (Chrono Boost)  
  52  6:43  Probe (Chrono Boost)  
  53  6:47  Probe (Chrono Boost)  
  53  6:52  Warp Prism  
  53  6:53  Gateway  
  56  6:56  Gateway  
  56  6:58  Probe  
  57  7:10  Probe  
  57  7:14  Pylon  
  58  7:16  Pylon  
  58  7:22  Dark Templar x2  
  62  7:23  Probe  
  63  7:35  Probe  
  64  7:43  Nexus  
  64  7:47  Probe (Chrono Boost)  
  64  7:48  Pylon  
  65  7:51  Pylon  
  65  7:59  Probe (Chrono Boost), Dark Templar  
  65  8:00  Dark Templar  
  65  8:04  Stalker  
  72  8:07  Probe (Chrono Boost)  
  72  8:11  Protoss Ground Armor Level 1 (Chrono Boost)  
  73  8:13  Probe  
  73  8:16  Dark Templar  
  76  8:24  Stargate  
  76  8:25  Probe  
  77  8:27  Stargate  
  77  8:45  Pylon  
  77  8:48  Pylon  
  77  8:51  Pylon  
  77  8:53  Photon Cannon  
  77  8:56  Photon Cannon  
  77  8:57  Cybernetics Core  
  77  8:59  Cybernetics Core  
  77  9:01  Probe (Chrono Boost)  
  78  9:11  Probe (Chrono Boost)  
  78  9:16  Probe (Chrono Boost)  
  79  9:22  Fleet Beacon  
  80  9:27  Probe  
  80  9:29  Stargate  
  81  9:32  Stargate  
  81  9:38  Assimilator  
  81  9:42  Probe (Chrono Boost)  
  81  9:43  Probe (Chrono Boost)  
  85  9:53  Probe (Chrono Boost)  
  85  9:55  Probe (Chrono Boost)  
  85  9:57  Probe (Chrono Boost)  
  86  10:02  Protoss Air Weapons Level 1 (Chrono Boost)  
  86  10:03  Probe  
  86  10:05  Protoss Air Armor Level 1 (Chrono Boost)  
  87  10:08  Probe  
  87  10:10  Stalker  
  87  10:11  Stalker  
  87  10:12  Protoss Shields Level 1  
  92  10:16  Probe  
  93  10:32  Probe (Chrono Boost)  
  93  10:34  Stargate  
  94  10:37  Assimilator  
  94  10:42  Probe (Chrono Boost)  
  95  10:47  Probe (Chrono Boost)  
  96  10:55  Mothership (Chrono Boost)  
  104  11:21  Carrier x3  
  122  11:33  Carrier  
  126  12:03  Carrier  
  126  12:07  Dark Templar  
  132  12:22  Dark Templar x2  
  136  12:25  Tempest  
  141  12:42  Probe, Observer  
  143  12:47  Tempest  
  148  12:54  Probe  
  143  13:03  Observer  
  142  13:06  Probe  
  134  13:26  Pylon  
  132  13:29  Pylon  
  132  13:31  Pylon  
  132  13:35  Pylon  
  132  13:37  Pylon  
  132  13:43  Pylon  
  132  13:47  Pylon  
  132  13:49  Pylon  
  132  13:52  Nexus  
  132  13:53  Probe, Observer  
  132  13:55  Unknown, Carrier  
  140  13:57  Pylon  
  140  14:01  Pylon  
  140  14:02  Pylon  
  140  14:03  Pylon  
  140  14:05  Pylon  
  140  14:07  Pylon  
  140  14:08  Pylon  
  140  14:10  Pylon  
  140  14:13  Pylon  
  140  14:15  Carrier  
  146  14:18  Nexus  
  146  14:20  Carrier  
  152  14:25  Probe (Chrono Boost)  
  153  14:35  Probe (Chrono Boost)  
  154  14:40  Probe (Chrono Boost)  
  149  14:51  Probe  
  150  14:53  Carrier  
  154  15:08  Probe (Chrono Boost)  
  153  15:18  Probe (Chrono Boost)  
  154  15:23  Probe (Chrono Boost)  
  152  15:34  Probe  
  139  16:48  Carrier  
  139  16:49  Carrier x3  
  153  17:46  Pylon  
  153  17:48  Pylon  
  153  17:50  Pylon  
  153  17:53  Pylon  
  174  18:35  Pylon  
  174  18:39  Pylon  
  172  18:45  Pylon  
  146  19:34  Nexus  
  146  19:37  Assimilator  
  146  19:40  Assimilator  
  146  19:44  Pylon  
  146  19:46  Pylon  
  146  19:49  Pylon  
  146  19:53  Pylon  
  146  19:58  Pylon  
Tags
 
Composition
Carriers
Matchup
PvP
Replay Pack
20200422
Spawn Locations
Cross Positions
Add a new tag
Caveats
  • Supply blocks, unpowered buildings, or Contaminate may cause inaccurate times.
  • Supply counts are checked every 10 seconds.